 Dungeon Crawl Stone Soup version 0.21.1-1-g345015f (webtiles) character file.

1694 pk666 the Thaumaturge (level 8, -9/61 HPs)
             Began as a Deep Elf Wizard on Feb 12, 2018.
             Killed by divine providence
             ... invoked by an orc priest
              (15 damage)
             ... on level 6 of the Dungeon.
             The game lasted 00:22:44 (8352 turns).

pk666 the Thaumaturge (Deep Elf Wizard)             Turns: 8352, Time: 00:22:45

Health: -9/61      AC: 24    Str:  4    XL:     8   Next: 72%
Magic:  1/22       EV:  2    Int: 26    God:
Gold:   307        SH:  0    Dex: 13    Spells: 14/23 levels left

rFire    . . .     SeeInvis .   A - staff of wizardry
rCold    . . .     Gourm    .   (no shield)
rNeg     + + +     Faith    .   (armour currently unavailable)
rPois    +         Spirit   .   (helmet currently unavailable)
rElec    .         Reflect  .   (cloak currently unavailable)
rCorr    .         Harm     .   (gloves currently unavailable)
MR       .....     NoTele   +   (boots currently unavailable)
Stlth    ++........             C - amulet of regeneration
HPRegen  0.60/turn              (no ring)
MPRegen  0.18/turn              (no ring)

@: tree-form, slowed, very slow
A: no striking features
a: no special abilities


You were on level 6 of the Dungeon.
You were not hungry.
You were a tree.
You visited 1 branch of the dungeon, and saw 8 of its levels.

You collected 307 gold pieces.

Inventory:

Hand Weapons
 h - a +0 dagger
Missiles
 u - 6 javelins (quivered)
Armour
 a - a +0 robe (melded)
 b - a +0 hat (melded)
 i - a +0 pair of boots (melded)
 D - a +0 pair of gloves (melded)
Magical Staves
 A - an uncursed staff of wizardry (weapon)
 B - an uncursed staff of air
Jewellery
 s - an uncursed ring of ice
 C - an amulet of regeneration (around neck)
Wands
 t - a wand of iceblast (11)
 E - a wand of digging (15)
 F - a wand of disintegration (19)
Scrolls
 e - a scroll of noise {unknown}
 g - 13 scrolls of identify {unknown}
 l - 2 scrolls of enchant armour {unknown}
 m - 2 scrolls of amnesia {unknown}
 o - 2 scrolls of remove curse {unknown}
 q - a scroll of teleportation {unknown}
 r - a scroll of fear {unknown}
 w - a scroll of blinking {unknown}
 y - a scroll of fog {unknown}
Potions
 f - 4 potions of lignification
 j - 2 potions of degeneration {unknown}
 k - a potion of haste {unknown}
 n - 2 potions of magic {unknown}
 p - 2 potions of agility
 v - 4 potions of curing {unknown}
 z - 2 potions of resistance {unknown}
 I - 2 potions of might {unknown}
Books
 c - a book of Minor Magic

   Spells                             Type                      Level
   a - Magic Dart                     Conjuration                  1
   b - Blink                          Translocation                2
   c - Call Imp                       Summoning                    2
   d - Slow                           Hexes                        2
   e - Conjure Flame                  Conjuration/Fire             3
   f - Mephitic Cloud                 Conjuration/Poison/Air       3
 x - a book of Changes

   Spells                             Type                      Level
   a - Beastly Appendage              Transmutation                1
   b - Sticks to Snakes               Transmutation                2
   c - Spider Form                    Transmutation/Poison         3
   d - Ice Form                       Ice/Transmutation            4
   e - Blade Hands                    Transmutation                5
 G - a book of Flames

   Spells                             Type                      Level
   a - Flame Tongue                   Conjuration/Fire             1
   b - Throw Flame                    Conjuration/Fire             2
   c - Conjure Flame                  Conjuration/Fire             3
   d - Inner Flame                    Hexes/Fire                   3
   e - Sticky Flame                   Conjuration/Fire             4
   f - Fireball                       Conjuration/Fire             5
Comestibles
 d - 7 rations


   Skills:
 - Level 3.0 Staves
 - Level 5.0 Dodging
 - Level 2.4 Stealth
 + Level 8.0 Spellcasting
 + Level 5.5 Conjurations
   Level 1.1 Summonings
 - Level 3.0 Translocations
 + Level 5.3 Fire Magic
 - Level 2.0 Air Magic
 - Level 3.0 Poison Magic


You had 14 spell levels left.
You knew the following spells:

 Your Spells              Type           Power        Failure   Level  Hunger
a - Magic Dart            Conj           ####         1%          1    None
b - Blink                 Tloc           N/A          1%          2    None
d - Conjure Flame         Conj/Fire      #####...     1%          3    None
z - Mephitic Cloud        Conj/Pois/Air  ####....     1%          3    None


Dungeon Overview and Level Annotations

Branches:
Dungeon (8/15)
 Temple: D:4-7         Lair: D:8-11

Altars:
Fedhas
Gozag
Kikubaaqudgha
Nemelex Xobeh
Okawaru
Qazlal
Ru
Wu Jian


Message History

The crimson imp blinks!
The orc wizard points at you and mumbles some strange words.
The magic dart hits you!
* * * LOW HITPOINT WARNING * * *
It was a potion of lignification.
You turn into a tree.
Your +0 hat melds into your body.
Your +0 pair of gloves melds into your body.
Your +0 pair of boots melds into your body.
Your +0 robe melds into your body.
Your roots penetrate the ground.
The orc wizard mumbles some strange words.
The orc wizard blinks!
The orc priest hits you with a short sword.
* * * LOW HITPOINT WARNING * * *
You hit the orc priest.
The orc priest is moderately wounded.
The orc wizard hits you with a dagger.
* * * LOW HITPOINT WARNING * * *
The orc priest mumbles some strange prayers to Beogh against you.
Beogh smites you!
You die...

................
#####..########
#......# #.####.# #
#.# #.# ### #.# #.#
#.. #####.####.# #..
##.......##.# #..
#.o♣o.5o....######..
#........#.#..........
###..###.#)##.######..
#.. #.#.##.# #.. #.(
#.#.##.# #.. ##. #o
#.# #.. #. #. #.# ##..
#. .. #.. .... ...
##...


You could see an orc priest, 2 orc wizards and a crimson imp.

Vanquished Creatures
  A yak (D:8)
  Duvessa (D:5)
  A sky beast (D:6)
  3 ice beasts
  2 ogres
  2 bullfrogs (D:7)
  Dowan (D:5)
  2 scorpions (D:4)
  3 hounds
  An orc priest (D:6)
  2 iguanas (D:5)
  3 orc wizards
  3 worker ants
  6 gnolls
  11 adders
  4 river rats (D:3)
  2 adder skeletons
  A worm (D:2)
  5 leopard geckos
  13 orcs
  2 ball pythons
  5 giant cockroaches
  7 goblins
  3 hobgoblins
  7 jackals
  8 kobolds
  4 quokkas
  7 bats
  8 frilled lizards
  A leopard gecko zombie (D:5)
  16 rats
135 creatures vanquished.

Notes
Turn   | Place    | Note
-------+----------+-------------------------------------------
     0 | D:1      | pk666 the Deep Elf Wizard began the quest for the Orb.
     0 | D:1      | Reached XP level 1. HP: 10/10 MP: 7/7
   250 | D:1      | Reached XP level 2. HP: 15/15 MP: 7/9
  1159 | D:2      | Reached XP level 3. HP: 19/19 MP: 7/11
  1163 | D:2      | Learned a level 2 spell: Blink
  1167 | D:2      | Learned a level 3 spell: Mephitic Cloud
  1171 | D:2      | Learned a level 3 spell: Conjure Flame
  1186 | D:2      | Reached skill level 5 in Spellcasting
  1695 | D:2      | Reached skill level 1 in Fire Magic
  1695 | D:2      | Reached skill level 1 in Poison Magic
  1695 | D:2      | Reached XP level 4. HP: 5/24 MP: 0/13
  2040 | D:2      | Found an opulent altar of Gozag.
  2292 | D:2      | Found an ornate altar of the Wu Jian Council.
  2302 | D:2      | Reached skill level 1 in Air Magic
  2630 | D:2      | Found an iron altar of Okawaru.
  2753 | D:3      | Found a sacrificial altar of Ru.
  2856 | D:3      | Found a blossoming altar of Fedhas.
  2884 | D:3      | Found a sacrificial altar of Ru.
  2926 | D:3      | Reached XP level 5. HP: 28/28 MP: 1/14
  3099 | D:3      | Noticed an ogre
  3209 | D:2      | Killed an ogre
  3660 | D:3      | Reached XP level 6. HP: 32/32 MP: 3/16
  5251 | D:4      | Reached skill level 6 in Spellcasting
  5474 | D:4      | Reached XP level 7. HP: 36/36 MP: 2/18
  5606 | D:4      | Found a sparkling altar of Nemelex Xobeh.
  5817 | D:5      | Entered Level 5 of the Dungeon
  5972 | D:5      | Found a stormy altar of Qazlal.
  5973 | D:5      | Noticed an air elemental
  6052 | D:5      | Noticed a fire elemental
  6052 | D:5      | Noticed a water elemental
  6240 | D:5      | Reached skill level 5 in Dodging
  6501 | D:5      | Reached skill level 7 in Spellcasting
  6763 | D:5      | Noticed Duvessa
  6763 | D:5      | Noticed Dowan
  6767 | D:5      | Killed Dowan
  7001 | D:5      | Killed Duvessa
  7001 | D:5      | Reached XP level 8. HP: 41/41 MP: 4/21
  7252 | D:6      | Reached skill level 5 in Conjurations
  7512 | D:6      | You fall through a shaft for 2 floors!
  7520 | D:8      | Reached skill level 1 in Staves
  7554 | D:8      | Found an ancient bone altar of Kikubaaqudgha.
  7775 | D:7      | Reached skill level 5 in Fire Magic
  8339 | D:6      | Reached skill level 8 in Spellcasting
  8352 | D:6      | Killed from afar by an orc priest

Skill      XL: |  1  2  3  4  5  6  7  8 |
---------------+-------------------------+-----
Dodging        | 3 4 5 |  5.0
Conjurations   | 2 3 4 5 |  5.5
Spellcasting   | 5 6 7 8 |  8.0
Fire Magic     | 1 2 3 4 5 |  5.3
Poison Magic   | 1 2 3 |  3.0
Air Magic      | 1 2 |  2.0
Staves         | 3 |  3.0
Translocations | 3 |  3.0
Stealth        | |  2.4
Summonings     | |  1.1

Action                   |  1- 3 |  4- 6 |  7- 9 || total
-------------------------+-------+-------+-------++-------
Melee: Dagger            |       |       |     1 ||     1
       Staff             |       |       |     2 ||     2
 Cast: Magic Dart        |    93 |   209 |   188 ||   490
       Blink             |     5 |     1 |     1 ||     7
       Conjure Flame     |     2 |    10 |    12 ||    24
       Mephitic Cloud    |       |     2 |     6 ||     8
  Use: Potion            |       |       |     1 ||     1
  Eat: Chunk             |     2 |    12 |     5 ||    19
       Ration            |       |       |     1 ||     1
Armor: Robe              |     4 |     8 |     4 ||    16
Dodge: Dodged            |    12 |    34 |    23 ||    69
